 Dungeon Crawl Stone Soup version 0.24-a0-525-g9231cdcba1 (webtiles) character file.

Game seed: 6938831239861015011

10 Gynju the Sneak (level 2, 0/13 HPs)
             Began as a Spriggan Enchanter on Aug 2, 2019.
             Slain by a bat (1 damage)
             ... on level 1 of the Dungeon.
             The game lasted 00:01:08 (587 turns).

Gynju the Sneak (Spriggan Enchanter)                 Turns: 587, Time: 00:01:09

Health: 0/13       AC:  2    Str:  4    XL:     2   Next: 10%
Magic:  6/6        EV: 18    Int: 16    God:
Gold:   54         SH:  0    Dex: 16    Spells: 5/6 levels left

rFire    . . .     SeeInvis +   a - +1 dagger
rCold    . . .     Gourm    .   (shield restricted)
rNeg     . . .     Faith    .   b - +0 robe
rPois    .         Spirit   .   (helmet restricted)
rElec    .         Reflect  .   (no cloak)
rCorr    .         Harm     .   (gloves unavailable)
MR       .....                  (boots unavailable)
Stlth    +++.......             (no amulet)
HPRegen  0.04/turn              (no ring)
MPRegen  0.10/turn              (no ring)

@: very quick
A: very small, unfitting armour, see invisible, herbivore, speed 3, slow
metabolism 2
a: no special abilities


You were on level 1 of the Dungeon.
You were not hungry.

You visited 1 branch of the dungeon, and saw 1 of its levels.

You collected 54 gold pieces.

Inventory:

Hand Weapons
 a - a +1 dagger (weapon)
Armour
 b - a +0 robe (worn)
Scrolls
 f - a scroll of enchant armour {unknown}
Potions
 c - a potion of lignification {unknown}
 e - a potion of brilliance {unknown}
Comestibles
 d - 2 rations


   Skills:
 * Level 1.5 Short Blades
 + Level 3.2 Dodging
 * Level 4.7 Stealth
 + Level 2.8 Spellcasting
 + Level 3.7 Hexes


You had 5 spell levels left.
You knew the following spells:

 Your Spells              Type           Power        Failure   Level  Hunger
a - Corona                Hex            ##.....      4%          1    #......

Your spell library contained the following spells:

 Spells                   Type           Power        Failure   Level  Hunger
 Confuse                  Hex            ##......     12%         3    ###....
 Tukima's Dance           Hex            ##......     12%         3    ###....
 Ensorcelled Hibernation  Hex/Ice        #.....       13%         2    ##.....
 Dazzling Spray           Conj/Hex       #.....       26%         3    ###....


Dungeon Overview and Level Annotations

Branches:
Dungeon (1/15)

Altars:


Innate Abilities, Weirdness & Mutations

You are very small and have problems with some larger weapons.
You are too small for most types of armour.
You have supernaturally acute eyesight. (SInv)
You are a herbivore.
You cover ground extremely quickly.
You need to consume almost no food.


Message History

The bat closely misses you. The bat barely misses you. The bat misses you.
The bat completely misses you. The bat completely misses you.
The bat hits you but does no damage. The bat closely misses you.
The bat misses you. The bat closely misses you. The bat misses you.
The bat misses you. The bat completely misses you.
The bat hits you but does no damage. The bat misses you.
The bat hits you but does no damage. The bat hits you but does no damage.
The bat completely misses you. The bat misses you. The bat hits you.
You die...

#..##...#.<.##....#...# #.
#...##..#..##.....#...####
#....###'###......#...#...
#......#.........#...#...
##.....#.........#...#...
#.....##.......##...#...
#......##.....##........
###......#######....##...
######.......@b..........##...
............#............###...
............###..##....##.)....
.........#...............รท)....
.........#.#####.##....##......
.........#.# #.##....##......
.........#.# #>##....##......
.........+.# #.########......
.........### #.# #......


You could see a bat.

Vanquished Creatures
  2 bats (D:1)
  A goblin (D:1)
  A hobgoblin (D:1)
  2 jackals (D:1)
  A frilled lizard (D:1)
  A kobold (D:1)
  A rat (D:1)
9 creatures vanquished.

Notes
Turn   | Place    | Note
-------+----------+-------------------------------------------
     0 | D:1      | Gynju the Spriggan Enchanter began the quest for the Orb.
     0 | D:1      | Reached XP level 1. HP: 9/9 MP: 5/5
   385 | D:1      | Reached XP level 2. HP: 13/13 MP: 6/6
   587 | D:1      | Slain by a bat

Levels and vault maps discovered:
D:1:      co_arrival_two_rings, layout_basic

Action                   || total
-------------------------++-------
Melee: Dagger            ||    42
 Cast: Corona            ||     6
 Stab: Sleeping          ||     1
Armor: Robe              ||    13
Dodge: Dodged            ||    68

Table legend:
 A = Non-vault XP
 B = Vault XP
 C = Vault XP percentage of total XP
 D = Non-vault monster count
 E = Vault monster count
 F = Vault count percentage of total count
                 A         B        C        D         E       F
            +---------+---------+-------+---------+---------+-------
      Total |      15 |       0 |   0.0 |       9 |       0 |   0.0
            +---------+---------+-------+---------+---------+-------
        D:1 |      15 |       0 |   0.0 |       9 |       0 |   0.0
            +---------+---------+-------+---------+---------+-------
